 Dungeon Crawl Stone Soup version 0.26-a0-542-gbaa144ba5c (webtiles) character file.

Game seed: 8972878290532175669

174 GeoCrane the Cudgeler (level 5, 0/45 HPs)
             Began as a Minotaur Fighter on Aug 17, 2020.
             Slain by Blork the orc
             ... wielding a +0 flail
              (5 damage)
             ... on level 6 of the Dungeon.
             The game lasted 00:14:52 (2770 turns).

GeoCrane the Cudgeler (Minotaur Fighter)            Turns: 2770, Time: 00:14:56

Health: 0/45       AC:  6    Str: 22    XL:     5   Next: 28%
Magic:  4/4        EV:  7    Int:  5    God:
Gold:   103        SH: 10    Dex:  9    Spells: 4/4 levels left

rFire    + . .     SeeInvis .   a - +0 flail
rCold    . . .     Faith    .   c - +1 kite shield
rNeg     . . .     Spirit   .   b - +0 scale mail
rPois    .         Reflect  .   (helmet restricted)
rElec    .         Harm     .   (no cloak)
rCorr    .                      (no gloves)
MR       .....                  (no boots)
Stlth    ..........             t - amulet of the acrobat
HPRegen  0.15/turn              h - ring of protection from fire
MPRegen  0.09/turn              m - ring of attention (curse)

@: no status effects
A: retaliatory headbutt, horns 2
a: no special abilities


You were on level 6 of the Dungeon.
You visited 1 branch of the dungeon, and saw 6 of its levels.

You collected 103 gold pieces.

Inventory:

Hand Weapons
 a - a +0 flail (weapon)
Missiles
 f - 7 poisoned darts (quivered)
Armour
 b - a +0 scale mail (worn)
 c - a +1 kite shield (worn)
Jewellery
 h - a ring of protection from fire (left hand)
 m - a cursed ring of attention (right hand)
 t - an amulet of the acrobat (around neck)
Wands
 l - a wand of random effects (22)
Scrolls
 j - a scroll of teleportation
 k - 3 scrolls of identify
 p - a scroll of fog
 q - a scroll of fear
Potions
 d - a potion of might
 e - a potion of brilliance {unknown}
 g - 3 potions of flight
 i - a potion of berserk rage {unknown}
 n - a potion of haste {unknown}
 o - a potion of heal wounds {unknown}
 r - a potion of curing {unknown}
 s - a potion of cancellation {unknown}


   Skills:
 - Level 3.6 Fighting
 + Level 6.7 Maces & Flails
 - Level 3.6 Armour
 - Level 3.6 Shields


You had 4 spell levels left.
You didn't know any spells.
Your spell library was empty.

Dungeon Overview and Level Annotations

Branches:
Dungeon (6/15)
 Temple: D:4-7

Altars:

Annotations:
D:4 Purgy
D:6 Blork the orc


Innate Abilities, Weirdness & Mutations

You reflexively headbutt those who attack you in melee.
You have a pair of horns on your head.


Message History

The magic dart hits you.
* * * LOW HITPOINT WARNING * * *
Found a stone staircase leading down.
There is a stone staircase leading down here.
Something hits you!
* * * LOW HITPOINT WARNING * * *
You climb downwards.
Reactivating autopickup.
Found a scroll of teleportation.
There is a stone staircase leading up here.
Deactivating autopickup; reactivate with Ctrl-A.
You hit something. Your headbutt misses something.
Something hits you but does no damage.
You barely miss something. Your headbutt misses something.
You hear some strange, mumbled words.
A puff of frost appears from out of thin air!
The puff of frost hits you!
* * * LOW HITPOINT WARNING * * *
Something hits you.
You die...

###
#@#
#{#
#.#
#?.
###


There were no monsters in sight!

Vanquished Creatures
  Terence (D:2)
  3 gnolls (D:2)
  4 adders
  2 oozes (D:1)
  2 worms
  A dart slug (D:2)
  2 orcs (D:3)
  8 bats
  2 giant cockroaches
  13 goblins
  7 hobgoblins
  2 jackals (D:2)
  6 kobolds
  2 quokkas (D:2)
  A ball python (D:1)
  8 frilled lizards
  4 rats
68 creatures vanquished.

Notes
Turn   | Place    | Note
-------+----------+-------------------------------------------
     0 | D:1      | GeoCrane the Minotaur Fighter began the quest for the Orb.
     0 | D:1      | Reached XP level 1. HP: 19/19 MP: 0/0
    40 | D:1      | Reached skill level 3 in Maces & Flails
   188 | D:1      | Reached XP level 2. HP: 26/26 MP: 1/1
   653 | D:1      | Reached skill level 4 in Maces & Flails
   668 | D:1      | Reached XP level 3. HP: 30/31 MP: 2/2
   841 | D:2      | Noticed Terence
   876 | D:2      | Killed Terence
   876 | D:2      | Reached skill level 5 in Maces & Flails
   876 | D:2      | Reached XP level 4. HP: 25/39 MP: 3/3
  1273 | D:2      | Reached skill level 6 in Maces & Flails
  2252 | D:3      | Reached XP level 5. HP: 36/45 MP: 4/4
  2647 | D:4      | Noticed a black bear
  2647 | D:4      | Noticed a black bear
  2675 | D:4      | Noticed Purgy
  2709 | D:4      | Noticed Blork the orc
  2717 | D:5      | Entered Level 5 of the Dungeon
  2770 | D:6      | Slain by Blork the orc

Illustrated notes

Levels and vault maps discovered:
D:1:      dpeg_arrival_morbid_curiosity, layout_loops_ring, st_stairs_3
D:2:      layout_basic, uniq_terence
D:3:      layout_rooms, kennysheep_generic_room_5
D:4:      layout_cave_pools, wad_floor_pattern_untrapped, minmay_ruined_shrine,
          uniq_crazy_yiuf_cottage, uniq_purgy, uniq_blork_the_orc
D:5:      lemuel_upstairs_altar, layout_loops_ring,
          nicolae_ru_great_annihilating_truth
D:6:      minmay_evil_eye, layout_basic, serial_shops, shop, shop,
          kennysheep_little_box, minmay_misc_feat_chi, minivault_24, uniq_pikel

Skill      XL: |  1  2  3  4 |
---------------+-------------+-----
Maces & Flails | 3 4 5 6 |  6.7
Fighting       | |  3.6
Armour         | |  3.6
Shields        | |  3.6

Action                   |  1- 3 |  4- 6 || total
-------------------------+-------+-------++-------
Melee: Flail             |    72 |    98 ||   170
       Headbutt          |     9 |    11 ||    20
Throw: Dart              |     9 |       ||     9
  Use: Scroll            |       |     9 ||     9
Armor: Scale mail        |    32 |    28 ||    60
Dodge: Dodged            |    30 |    33 ||    63
Block: Kite shield       |    52 |    50 ||   102

Table legend: (Time is in decaauts)
 A = Elapsed time spent in this place.
 B = Non-inter-level travel time spent in this place.
 C = Inter-level travel time spent in this place.
 D = Time resting spent in this place.
 E = Time spent auto-exploring this place.
 F = Levels seen in this place.
 G = Mean time per level.
                   A        B        C        D        E       F      G
               +--------+--------+--------+--------+--------+-----+--------+
         Total |   2808 |   2712 |     96 |    210 |   1964 |   6 |  468.0 |
       Dungeon |   2808 |   2712 |     96 |    210 |   1964 |   6 |  468.0 |
               +--------+--------+--------+--------+--------+-----+--------+

Top non-repeatable levels by time:
     D:2: 1416 daAuts
     D:1: 831 daAuts
     D:3: 473 daAuts
     D:5: 51 daAuts
     D:4: 34 daAuts
     D:6: 1 daAuts
